 Dungeon Crawl Stone Soup version 0.28.0 (webtiles) character file.

Game seed: 5014526131840672962

315 Ayyar the Sneak (level 6, -4/42 HPs)
             Began as an Octopode Brigand on Apr 6, 2022.
             Slain by a wraith (7 damage)
             ... in an ossuary.
             The game lasted 00:12:28 (3926 turns).

Ayyar the Sneak (Octopode Brigand)                  Turns: 3926, Time: 00:12:29

Health: -4/42      AC:  5    Str: 11    XL:     6   Next: 44%
Magic:  6/6        EV: 13    Int: 13    God:
Gold:   102        SH:  0    Dex: 15    Spells: 5/5 levels left

rFire   . . .      SeeInvis .   a - +2 dagger
rCold   . . .      Faith    .   (no shield)
rNeg    . . .      Spirit   .   (helmet restricted)
rPois   +          Reflect  .   i - amulet of the acrobat
rElec   .          Harm     .   h - +4 ring of protection
rCorr   .          Rampage  .   v - ring of poison resistance
Will    .....                   (no ring)
Stlth   +++++.....              (no ring)
HPRegen 0.14/turn               (no ring)
MPRegen 0.10/turn               (no ring)
                                (no ring)
                                (no ring)

@: slowed, very slow
A: almost no armour, amphibious, 8 rings, camouflage 1, gelatinous body 1,
(nimble swimmer 1), tentacles
a: no special abilities


You were in an ossuary.
You visited 1 branch of the dungeon, and saw 4 of its levels.
You also visited: Ossuary.

You collected 102 gold pieces.

Inventory:

Hand Weapons
 a - a +2 dagger (weapon)
Missiles
 b - 14 poisoned darts (quivered)
 c - 2 curare-tipped darts
 m - 9 boomerangs
Jewellery
 h - a +4 ring of protection (left tentacle)
 i - an amulet of the acrobat (around mantle)
 v - a ring of poison resistance (right tentacle)
Wands
 s - a wand of charming (3)
Scrolls
 e - 3 scrolls of fear
 f - a scroll of enchant armour {unknown}
 g - 4 scrolls of identify
 j - 2 scrolls of fog {unknown}
 k - a scroll of holy word {unknown}
 n - a scroll of brand weapon {unknown}
 p - a scroll of magic mapping {unknown}
 q - a scroll of enchant weapon {unknown}
 r - a scroll of teleportation {unknown}
 t - a scroll of immolation {unknown}
 u - a scroll of amnesia {unknown}
 y - a scroll of noise {unknown}
Potions
 d - 3 potions of resistance
 l - a potion of attraction {unknown}
 o - 2 potions of ambrosia
 w - a potion of brilliance {unknown}
 x - a potion of cancellation {unknown}
 z - a potion of flight {unknown}


   Skills:
 + Level 3.2 Fighting
 + Level 3.1 Short Blades
 + Level 3.1 Throwing
 + Level 2.6 Dodging
 * Level 7.3 Stealth


You had 5 spell levels left.
You didn't know any spells.
Your spell library contained the following spells:

 Spells                   Type           Power      Damage    Failure   Level
 Blade Hands              Tmut           0%         N/A       100%        5
 Irradiate                Conj/Tmut      0%         3d13      100%        5
 Dragon Form              Tmut           0%         N/A       100%        7


Dungeon Overview and Level Annotations

Branches:
Dungeon (4/15)            Ossuary (1/1)
 Temple: D:4-7

Altars:
Qazlal

Shops:
D:1 =


Innate Abilities, Weirdness & Mutations

You cannot wear most types of armour.
You are amphibious.
You can wear up to eight rings at the same time.
Your skin changes colour to match your surroundings (Stealth+).
Your rubbery body absorbs attacks. (AC +1, EV +1)
((You are camouflaged when in or above water. (Stealth+)))
You have tentacles for arms and can constrict up to eight enemies at once.


Message History

The wraith hits you! The wraith drains your vigour!
You feel as though you will be slow longer.
The wraith hits you. The wraith drains your vigour!
You feel as though you will be slow longer.
You hit the wraith but do no damage.
The wraith is lightly damaged.
The wraith hits you!
* * * LOW HITPOINT WARNING * * *
It was a potion of ambrosia.
You are confused.
You feel invigorated. The wraith hits you. The wraith misses you.
You closely miss the wraith. Your squeeze misses the wraith.
The wraith is lightly damaged.
The wraith misses you.
You feel less invigorated.
You feel less confused.
You barely miss the wraith. Your squeeze misses the wraith.
The wraith is lightly damaged.
The wraith barely misses you. The wraith hits you.
The wraith drains your vigour!
You feel as though you will be slow longer.
You closely miss the wraith. Your squeeze misses the wraith.
The wraith is lightly damaged.
The wraith hits you. The wraith drains your vigour!
You feel as though you will be slow longer.
You completely miss the wraith.
The wraith is lightly damaged.
The wraith barely misses you.
You barely miss the wraith.
The wraith is lightly damaged.
The wraith hits you!
* * * LOW HITPOINT WARNING * * *
You hit the wraith but do no damage.
The wraith is lightly damaged.
The wraith hits you!
* * * LOW HITPOINT WARNING * * *
The wraith drains your vigour!
You feel as though you will be slow longer.
The wraith hits you!
You die...

#..#'#..#'#..#'#..#'#..#'#..#
#..#.#..#.#..#.#..#.#..#.#..#
#...........................#
#...........................#
#..####......###......####..#
#..#.'...8...#?#...8...'.#..#
#..####......#'#......####..#
#............#W#............#
#..............@............#
#..####.####.....####.####..#
#..#.'..# +...8...'.#..'.# .#
#..####.####.....####.####..#
#...........................#
#............#.#............#
#..####......#+#......####..#
#. +...8...# #...8...'.# .#
##......# #......####


You could see a wraith.

Vanquished Creatures
  A human zombie (Ossuary)
  2 orc priests (D:3)
  A bullfrog skeleton (D:4)
  An orc wizard (D:3)
  2 mummies (Ossuary)
  5 adders
  An ufetubus (D:4)
  3 worms
  A dart slug (D:1)
  9 orcs
  6 bats
  4 endoplasms
  4 giant cockroaches
  11 goblins
  7 hobgoblins
  2 jackals (D:1)
  3 kobolds
  7 ball pythons
  6 frilled lizards
  A hobgoblin zombie (Ossuary)
  6 kobold zombies (Ossuary)
  7 rats
90 creatures vanquished.

Vanquished Creatures (others)
  9 plants (D:1)
9 creatures vanquished.

Grand Total: 99 creatures vanquished

Notes
Turn   | Place    | Note
-------+----------+-------------------------------------------
     0 | D:1      | Ayyar the Octopode Brigand began the quest for the Orb.
     0 | D:1      | Reached XP level 1. HP: 14/14 MP: 1/1
    20 | D:1      | Found Mufeluan's Jewellery Shop.
    60 | D:1      | Reached XP level 2. HP: 4/19 MP: 2/2
   827 | D:1      | Reached XP level 3. HP: 24/24 MP: 3/3
  1326 | D:2      | Found a stormy altar of Qazlal.
  1389 | D:2      | Reached XP level 4. HP: 30/30 MP: 4/4
  1427 | D:2      | Reached skill level 6 in Stealth
  2224 | D:3      | Found a faded altar of an unknown god.
  2589 | D:3      | Reached XP level 5. HP: 22/36 MP: 5/5
  3423 | D:4      | Reached skill level 7 in Stealth
  3423 | D:4      | Reached XP level 6. HP: 30/42 MP: 6/6
  3503 | D:4      | Found a sand-covered staircase.
  3577 | Ossuary  | Entered an ossuary
  3577 | Ossuary  | Noticed a wraith
  3577 | Ossuary  | Noticed a wraith
  3577 | Ossuary  | Noticed a wraith
  3914 | Ossuary  | Noticed a wraith
  3926 | Ossuary  | Slain by a wraith

Illustrated notes

Levels and vault maps discovered:
D:1:      wander_arrival_desolate, layout_basic, serial_shops, shop,
          serial_bayou_crossing
D:2:      layout_basic, basic_altar, chequers_serial_rivers_micro_e,
          grunt_ministairs_3, corexii_item_surrounded_by_moat,
          hangedman_decor_clover_reticule
D:3:      layout_loops_corners, ebering_ecumenical_altar_hall,
          roderic_serpentine_path, serial_bayou_ford_a,
          kennysheep_decorative_pillar
D:4:      layout_basic, enter_ossuary_1, serial_corexii_hall,
          corexii_hall_statues_l, corexii_hall_statues_l,
          corexii_hall_statues_t, kennysheep_generic_room_7
Ossuary:  ossuary_kennysheep_city_of_the_dead

Skill      XL: |  1  2  3  4  5 |
---------------+----------------+-----
Stealth        | 6 7 |  7.3
Dodging        | 2 |  2.6
Fighting       | 3 |  3.2
Short Blades   | 3 |  3.1
Throwing       | 3 |  3.1

Action                   |  1- 3 |  4- 6 || total
-------------------------+-------+-------++-------
Melee: Dagger            |    68 |   121 ||   189
       Tentacles         |    10 |    31 ||    41
       Constrict         |    19 |    30 ||    49
       Punch             |       |     2 ||     2
Throw: Dart              |       |    30 ||    30
       Boomerang         |       |     4 ||     4
  Use: Scroll            |       |     2 ||     2
       Potion            |       |     1 ||     1
 Stab: Sleeping          |     8 |     8 ||    16
       Distracted        |     1 |       ||     1
Armor: Skin              |    15 |    10 ||    25
Dodge: Dodged            |    49 |    62 ||   111
